 Dungeon Crawl Stone Soup version 0.27-a0-965-gbf8bb431c4 (webtiles) character file.

Game seed: 14043978516672303754

1 lunkers the Charlatan (level 1, 0/15 HPs)
             Began as a Demonspawn Artificer on Apr 12, 2021.
             Slain by a hobgoblin (2 damage)
             ... on level 1 of the Dungeon.
             The game lasted 00:00:20 (50 turns).

lunkers the Charlatan (Demonspawn Artificer)          Turns: 50, Time: 00:00:21

Health: 0/15       AC:  3    Str: 12    XL:     1   Next: 16%
Magic:  1/1        EV: 11    Int: 12    God:
Gold:   0          SH:  0    Dex: 13    Spells: 0/0 levels left

rFire    . . .     SeeInvis .   a - +0 club
rCold    . . .     Faith    .   (no shield)
rNeg     . . .     Spirit   .   b - +0 leather armour
rPois    .         Reflect  .   (no helmet)
rElec    .         Harm     .   (no cloak)
rCorr    .         Rampage  .   (no gloves)
Will     .....                  (no boots)
Stlth    +.........             (no amulet)
HPRegen  0.05/turn              (no ring)
MPRegen  0.07/turn              (no ring)

@: no status effects
A: no striking features
a: no special abilities


You were on level 1 of the Dungeon.
You visited 1 branch of the dungeon, and saw 1 of its levels.

Inventory:

Hand Weapons
 a - a +0 club (weapon)
Armour
 b - a +0 leather armour (worn)
Wands
 c - a wand of flame (14)
 d - a wand of charming (15)
Miscellaneous
 e - a piece from Xom's chessboard (14/15)


   Skills:
 + Level 1.2 Fighting
 - Level 1.7 Armour
 - Level 0.8 Dodging
 - Level 0.8 Stealth
 - Level 3.0 Evocations


You couldn't memorise any spells.
You didn't know any spells.
Your spell library was empty.

Dungeon Overview and Level Annotations

Branches:
Dungeon (1/15)

Altars:


Message History

Found 12 gold pieces.
A hobgoblin is nearby!
A hobgoblin is nearby!
A goblin and a kobold come into view.
The goblin shouts!
The kobold shouts!
You make a move on Xom's chessboard...
The kobold seems to slow down.
You hit the rat.
You kill the rat!
The kobold throws a stone.
The stone hits you.
You completely miss the hobgoblin. The hobgoblin hits you.
You barely miss the goblin. The goblin barely misses you.
The hobgoblin hits you but does no damage.
The goblin barely misses you.
You completely miss the goblin. The hobgoblin closely misses you.
The goblin barely misses you. The hobgoblin hits you.
You hit the goblin but do no damage. The goblin hits you with a +0 dagger.
The hobgoblin closely misses you.
You hit the goblin.
The goblin is severely wounded.
The goblin closely misses you.
The hobgoblin hits you but does no damage.
The goblin closely misses you.
You barely miss the goblin.
The goblin is severely wounded.
The hobgoblin hits you but does no damage.
The goblin hits you with a +0 dagger. The hobgoblin hits you.
* * * LOW HITPOINT WARNING * * *
The kobold throws a stone.
The stone hits you.
* * * LOW HITPOINT WARNING * * *
The goblin hits you with a +0 dagger.
* * * LOW HITPOINT WARNING * * *
You barely miss the goblin.
The goblin is severely wounded.
The goblin hits you with a +0 dagger.
* * * LOW HITPOINT WARNING * * *
You hit the goblin.
You kill the goblin!
The hobgoblin hits you.
You die...

## .. .#### ... #. .
#...## . ..# #.
#........ ####.##.#..#
#. #..^.....
##.#......##.###........
#.##...# ....##........
# ##.#.#.# #............
# #.#.#.# #@##........ +
#...#.# #g##K....... #
#.#.#.#####>K......... #
#.#.....##...#†....$..
.##..#.....#.#........
#.#........##.#........
.##.#.#................
.##..#..................
##...#.#+#+#+#+#+#......


You could see a hobgoblin and a kobold (slow).

Vanquished Creatures
  A goblin (D:1)
  2 rats (D:1)
3 creatures vanquished.

Notes
Turn   | Place    | Note
-------+----------+-------------------------------------------
     0 | D:1      | lunkers the Demonspawn Artificer began the quest for the
                  | Orb.
     0 | D:1      | Reached XP level 1. HP: 15/15 MP: 1/1
    50 | D:1      | Slain by a hobgoblin

Illustrated notes

Levels and vault maps discovered:
D:1:      dpeg_arrival_another_circle, layout_rooms, minmay_rat_gold_closets

Action                   || total
-------------------------++-------
Melee: Club              ||     9
Evoke: Wand              ||     1
       Piece from Xom's  ||     1
Armor: Leather armour    ||     3
Dodge: Dodged            ||     7

Table legend: (Time is in decaauts)
 A = Elapsed time spent in this place.
 B = Non-inter-level travel time spent in this place.
 C = Inter-level travel time spent in this place.
 D = Time resting spent in this place.
 E = Time spent auto-exploring this place.
 F = Levels seen in this place.
 G = Mean time per level.
                   A        B        C        D        E       F      G
               +--------+--------+--------+--------+--------+-----+--------+
         Total |     52 |     52 |      0 |      0 |     32 |   1 |   52.0 |
       Dungeon |     52 |     52 |      0 |      0 |     32 |   1 |   52.0 |
               +--------+--------+--------+--------+--------+-----+--------+

Top non-repeatable levels by time:
     D:1: 52 daAuts
